Map: Deathaura LE

Players

SKillous

  • Race: Protoss Protoss
  • League: Grandmaster
  • Spawn Location: 5:00

Krystianer - Winner!

  • Race: Protoss Protoss
  • League: Grandmaster
  • Spawn Location: 11:00

Event: DreamHack SC2 Masters 2020 Winter

VOD

Have the link to the VOD?

Description

Time

  • Played on: Oct. 31, 2020, 11:55 a.m.
  • Length: 7:57

All games in this series

Show
View Real Time Build Order
Export as new Build Order

SKillous Protoss 

Build Orders: Oracle Opening, Blink Stalkers 

Get SALT Encoding   

  12  0:00  Probe  
  13  0:12  Probe  
  14  0:17  Pylon  
  14  0:24  Probe  
  15  0:36  Gateway, Probe (Chrono Boost)  
  16  0:46  Probe (Chrono Boost)  
  16  0:47  Assimilator  
  17  0:51  Probe (Chrono Boost)  
  17  0:54  Assimilator  
  18  1:03  Probe (Chrono Boost)  
  20  1:12  Gateway, Probe (Chrono Boost)  
  20  1:17  Probe (Chrono Boost)  
  21  1:25  Cybernetics Core  
  21  1:29  Probe  
  22  1:36  Pylon  
  22  1:41  Probe  
  23  1:54  Probe  
  24  2:03  Stargate  
  24  2:04  Warp Gate  
  28  2:13  Pylon  
  28  2:19  Stalker x2  
  28  2:33  Pylon  
  27  2:43  Oracle (Chrono Boost)  
  30  2:56  Nexus, Probe  
  31  3:06  Twilight Council  
  31  3:09  Probe  
  32  3:21  Pylon, Probe (Chrono Boost)  
  33  3:28  Shield Battery  
  33  3:33  Probe (Chrono Boost)  
  34  3:41  Probe (Chrono Boost)  
  35  3:42  Blink  
  35  3:47  Probe  
  35  3:52  Forge  
  36  3:59  Probe  
  37  4:11  Probe  
  37  4:12  Stalker, Probe  
  37  4:15  Stalker  
  43  4:23  Probe  
  43  4:24  Probe  
  45  4:26  Pylon  
  45  4:29  Protoss Ground Weapons Level 1 (Chrono Boost)  
  45  4:36  Probe (Chrono Boost)  
  45  4:37  Probe (Chrono Boost)  
  47  4:41  Robotics Facility  
  47  4:48  Probe (Chrono Boost)  
  47  4:49  Probe (Chrono Boost)  
  47  4:50  Assimilator  
  49  4:53  Probe (Chrono Boost)  
  49  4:54  Sentry  
  49  4:55  Probe (Chrono Boost)  
  49  4:59  Gateway  
  53  5:01  Probe  
  53  5:06  Probe  
  55  5:13  Probe  
  56  5:16  Nexus  
  56  5:22  Pylon  
  56  5:26  Probe  
  57  5:29  Observer (Chrono Boost)  
  58  5:36  Gateway x2, Probe  
  58  5:37  Sentry  
  58  5:39  Stalker  
  63  5:47  Probe  
  63  5:49  Shield Battery  
  64  5:52  Probe  
  65  5:58  Immortal  
  65  6:02  Probe  
  70  6:06  Shield Battery, Probe  
  70  6:07  Shield Battery  
  70  6:09  Stalker  
  70  6:10  Sentry  
  75  6:14  Probe  
  75  6:17  Pylon  
  76  6:18  Probe  
  77  6:26  Pylon  
  77  6:28  Probe  
  77  6:30  Stalker x2  
  83  6:34  Stalker  
  83  6:36  Probe  
  85  6:45  Pylon  
  85  6:46  Stalker  
  89  6:56  Pylon  
  89  6:59  Stalker x3  
  88  7:10  Stalker x2  
  87  7:20  Gateway  
  87  7:22  Gateway  
  84  7:23  Stalker  
  84  7:24  Stalker, Gateway  
  83  7:30  Stalker  
  66  7:40  Stalker x2  
  55  7:48  Stalker  
Show
View Real Time Build Order
Export as new Build Order

Krystianer Protoss - Winner!

Build Orders:  

Get SALT Encoding   

  12  0:00  Probe  
  13  0:12  Probe  
  14  0:17  Pylon  
  14  0:24  Probe (Chrono Boost)  
  16  0:36  Gateway, Probe (Chrono Boost)  
  16  0:42  Probe (Chrono Boost)  
  16  0:45  Assimilator  
  17  0:50  Probe  
  17  0:53  Assimilator  
  18  1:03  Probe (Chrono Boost)  
  19  1:06  Gateway  
  20  1:12  Probe (Chrono Boost)  
  20  1:17  Probe (Chrono Boost)  
  20  1:23  Cybernetics Core  
  21  1:29  Probe  
  22  1:33  Pylon  
  22  1:41  Probe  
  23  1:53  Probe  
  24  2:00  Stalker, Warp Gate, Sentry  
  28  2:05  Probe  
  29  2:09  Pylon  
  29  2:18  Probe  
  30  2:34  Stalker x2  
  30  2:36  Probe  
  35  2:51  Nexus  
  35  3:04  Stalker  
  37  3:07  Pylon  
  37  3:10  Stalker  
  39  3:25  Probe (Chrono Boost)  
  41  3:34  Probe (Chrono Boost)  
  41  3:39  Probe (Chrono Boost)  
  42  3:50  Stalker, Twilight Council  
  42  3:51  Forge, Probe (Chrono Boost)  
  45  3:56  Stalker  
  48  4:03  Probe (Chrono Boost)  
  48  4:04  Probe (Chrono Boost)  
  49  4:12  Probe (Chrono Boost)  
  49  4:14  Probe (Chrono Boost)  
  49  4:16  Stalker  
  53  4:17  Protoss Ground Weapons Level 1, Probe (Chrono Boost)  
  54  4:24  Probe  
  54  4:25  Blink (Chrono Boost)  
  54  4:29  Probe  
  56  4:32  Assimilator  
  56  4:35  Sentry  
  56  4:36  Probe  
  59  4:41  Probe  
  59  4:43  Pylon  
  60  4:48  Robotics Facility  
  60  4:51  Probe  
  61  4:57  Gateway  
  61  4:58  Gateway  
  61  5:10  Probe  
  62  5:19  Nexus  
  62  5:21  Pylon  
  62  5:27  Gateway  
  62  5:28  Gateway  
  62  5:32  Stalker  
  62  5:35  Stalker  
  66  5:36  Observer  
  66  5:41  Pylon  
  67  5:57  Warp Prism (Chrono Boost)  
  67  6:02  Stalker x3  
  75  6:06  Pylon  
  75  6:07  Stalker  
  77  6:25  Stalker x4  
  85  6:48  Stalker x5  
  85  6:49  Stalker  
  97  6:55  Pylon  
  88  7:17  Stalker x5  
  88  7:19  Stalker  
  84  7:43  Probe (Chrono Boost)  
  81  7:47  Probe (Chrono Boost)  
  81  7:51  Stalker x5  
Tags
 
Add a new tag
Caveats
  • Supply blocks, unpowered buildings, or Contaminate may cause inaccurate times.
  • Supply counts are checked every 10 seconds.